 Dungeon Crawl Stone Soup version 0.31.0-9-g3a7656b989 (webtiles) character file.

Game seed: 16306201314284591581

2 Voda the Ruffian (level 1, -1/22 HPs)
             Began as a Troll Chaos Knight on Jan 24, 2024.
             Was a Plaything of Xom.
             Succumbed to a kobold's poison
             ... on level 1 of the Dungeon.
             The game lasted 00:00:32 (95 turns).

Voda the Ruffian (Troll Chaos Knight)                 Turns: 95, Time: 00:00:32

Health: -1/22      AC:  6    Str: 19    XL:     1   Next: 33%
Magic:  0/0        EV:  9    Int:  8    God:    Xom [..*...]
Gold:   8          SH:  0    Dex:  9    Spells: 0/0 levels left

rFire   . .          .
                       - Unarmed
rCold   . . .        (no shield)
rNeg    . . .        a - +2 robe
rPois   .            (helmet restricted)
rElec   .            (no cloak)
rCorr   .            (gloves unavailable)
SInv    .            (boots unavailable)
Will    .....        (no amulet)
Stlth   +            (no ring)
HPRegen 1.03/turn    (no ring)
MPRegen 0.07/turn

%: no passive effects
@: lethally poisoned (-1 -> -7)
A: large, unfitting armour, claws 3, regeneration 1, shaggy fur 1, tough skin 1
a: Renounce Religion


You were on level 1 of the Dungeon.
You worshipped Xom.
You were a toy of Xom.
You visited 1 branch of the dungeon, and saw 1 of its levels.

You collected 8 gold pieces.

Inventory:

Missiles
 e - 12 stones (quivered)
Armour
 a - a +2 robe (worn)
Scrolls
 b - a scroll of butterflies
 c - 2 scrolls of enchant armour {unknown}
 d - a scroll of teleportation {unknown}


   Skills:
 + Level 2.4 Fighting
 + Level 0.2 Throwing
 - Level 1.9 Dodging
 + Level 3.0 Unarmed Combat


You couldn't memorise any spells.
You didn't know any spells.
Your spell library contained the following spells:

 Spells                   Type           Power      Damage    Failure   Level
 Conjure Ball Lightning   Conj/Air       0%         3x3d6     100%        6
 Discord                  Hex            0%         N/A       100%        8
 Disjunction              Tloc           0%         N/A       100%        8


Dungeon Overview and Level Annotations

Branches:
Dungeon (1/15)

Altars:


Innate Abilities, Weirdness & Mutations

You are too large for most types of armour.
You have claws for hands.
Your natural rate of healing is unusually fast.
You are covered in fur. (AC +1)
You have tough skin. (AC +1)


Message History

A kobold comes into view. It is wielding a +0 short sword.
The kobold shouts!
You hear a shout! x2
A kobold is nearby!
The kobold hits you with a +0 short sword.
You scratch the kobold but do no damage.
The kobold hits you but does no damage.
You scratch the kobold.
You kill the kobold!
A kobold comes into view. It is wielding a +1 dagger of venom.
You see here a +0 short sword.
You closely miss the kobold.
The kobold hits you with a +1 dagger of venom.
You are poisoned.
You scratch the kobold.
The kobold is heavily wounded.
You feel very sick.
The kobold hits you with a +1 dagger of venom.
You are more poisoned.
You scratch the kobold but do no damage.
The kobold is moderately wounded.
You feel very sick. The kobold hits you but does no damage.
You are more poisoned.
You scratch the kobold but do no damage.
The kobold is moderately wounded.
You feel very sick.
The kobold hits you with a +1 dagger of venom.
You are lethally poisoned!
You scratch the kobold.
The kobold is heavily wounded.
* * * LOW HITPOINT WARNING * * *
You feel very sick. The kobold barely misses you.
Unknown command.
* * * LOW HITPOINT WARNING * * *
You feel very sick.
The kobold throws a stone.
The stone closely misses you.
Unknown command.
You die...
Xom snickers!

..............#
..............#
............... #####
#.######
###...###......####
##.......##........#
#.........###K##...#
#....⌠..).##)...#..#
#.........@..#...###
#.......#########
###...######...###
####.### ##.......##
###...### #.........#
##.......####....<....#
#.........##..........#
#....⌠......##.......##
#.........######...###


You could see a kobold.

Vanquished Creatures
  A hobgoblin (D:1)
  2 kobolds (D:1)
3 creatures vanquished.

Notes
Turn   | Place    | Note
-------+----------+-------------------------------------------
     0 | D:1      | Voda the Troll Chaos Knight began the quest for the Orb.
     0 | D:1      | Reached XP level 1. HP: 22/22 MP: 0/0
    94 | D:1      | HP: 1/22 [poisoned by a kobold]
    95 | D:1      | Succumbed to a kobold's poison

Illustrated notes

Levels and vault maps discovered:
D:1:      dpeg_arrival_three_same_balls, layout_basic, basic_ecumenical_altar,
          chequers_decorated_corner, chequers_serial_rivers_small_a,
          chequers_serial_rivers_small_a, minmay_heptomino_w4

Action                     || total
---------------------------++-------
  Melee: Unarmed           ||    11
  Throw: Stone             ||     1
 Armour: Robe              ||     6
  Dodge: Dodged            ||     4
